 Dungeon Crawl Stone Soup version 0.31-a0-1626-g5cb510d322 (webtiles) character file.

Game seed: 519658563473909493

1544003 Laraso the Fire Dragon (level 25, 216/216 HPs)
             Began as a Red Draconian Fire Elementalist on Jan 12, 2024.
             Was a High Priest of Sif Muna.
             Escaped with the Orb
             ... and 3 runes!
             The game lasted 03:15:09 (77463 turns).

Laraso the Fire Dragon (DrFE)                      Turns: 77463, Time: 03:15:09

Health: 216/216    AC: 21    Str:  7    XL:     25   Next: 25%
Magic:  49/53      EV: 25    Int: 41    God:    Sif Muna [*****.]
Gold:   1990       SH:  0    Dex: 18    Spells: 4/56 levels left

rFire   + + +        a - staff of fire
rCold   + . .        Z - sphere of Battle
rNeg    . . .        (body armour unavailable)
rPois   +            V - +3 hat of Pondering {ponderous, Will+ MP+10 Int+5}
rElec   +            I - scarf {rC+ rF+}
rCorr   .            h - +2 pair of gloves of the Tired Spirits {rElec Regen+ Str-5 Stlth+}
SInv    .            W - +2 pair of boots {Fly}
Will    ++...        n - amulet of magic regeneration
Stlth   ++           F - ring of Wuaqunn {Int+6 Dex+4}
HPRegen 1.36/turn    K - +6 ring of intelligence
MPRegen 0.73/turn

%: no passive effects
@: flying, studying Maces & Flails, slow
A: breathe fire, AC +12, unfitting armour, fire resistance 1, cold-blooded,
horns 1, deterioration 1, sense surroundings 1, poison resistance
0: Orb of Zot
}: 3/15 runes: barnacled, slimy, gossamer
a: Breathe Fire, Renounce Religion, Channel Magic, Forget Spell, Divine Exegesis


You escaped.
You worshipped Sif Muna.
Sif Muna was extremely pleased with you.
You visited 11 branches of the dungeon, and saw 52 of its levels.
You visited 1 bazaar.
You also visited: Ossuary and Ice Cave.

You collected 7370 gold pieces.
You spent 5380 gold pieces at shops.

Inventory:

Hand Weapons
 b - a +9 spectral lajatang
Armour
 h - the +2 pair of gloves of the Tired Spirits (worn) {rElec Regen+ Str-5 Stlth+}
   (You found it on level 2 of the Depths)

   Str-5:     It affects your strength (-5).
   rElec:     It insulates you from electricity.
   Regen+:    It increases your rate of health regeneration.
   Stlth+:    It makes you more stealthy.
 B - the +2 hat of the Mashing Gods {Will+ rCorr Str+2}
   (You found it on level 5 of the Lair of Beasts)

   Str+2:     It affects your strength (+2).
   Will+:     It increases your willpower.
   rCorr:     It protects you from acid and corrosion.
 I - a scarf of resistance (worn)
 V - the +3 hat of Pondering (worn) {ponderous, Will+ MP+10 Int+5}
   (You found it on level 1 of the Realm of Zot)

   Int+5:     It affects your intelligence (+5).
   Will+:     It increases your willpower.
   MP+10:     It affects your magic capacity (+10).
 W - a +2 pair of boots of flying (worn)
 Z - the sphere of Battle (worn)
   (You bought it in a shop on level 2 of the Vaults)

   Battle:    It summons a battlesphere in combat, with strength depending on
   Conjurations skill.
   Destructive: It enhances your destructive magic, and weakens non-destructive
   magic.
Magical Staves
 a - a staff of fire (weapon)
Jewellery
 l - a ring of poison resistance
 n - an amulet of magic regeneration (around neck)
 o - a ring of see invisible
 x - a ring of flight
 y - a +5 ring of evasion
 F - the ring of Wuaqunn (left hand) {Int+6 Dex+4}
   (You bought it in a shop on level 3 of the Vaults)

   [ring of intelligence]

   Int+6:     It affects your intelligence (+6).
   Dex+4:     It affects your dexterity (+4).
 K - a +6 ring of intelligence (right hand)
 M - a ring of resist corrosion
 T - a ring of willpower
 U - the amulet of Dovau {+Inv Will+++ Regen+ Dex-2 SInv}
   (You acquired it on level 5 of the Pits of Slime)

   [amulet of regeneration]

   Dex-2:     It affects your dexterity (-2).
   Will+++:   It greatly increases your willpower.
   SInv:      It lets you see invisible.
   +Inv:      It lets you turn invisible.
   Regen+:    It increases your rate of health regeneration.
Wands
 q - a wand of mindburst (33)
 s - a wand of paralysis (71)
 w - a wand of digging (2)
 A - a wand of iceblast (45)
 C - a wand of light (35)
 L - a wand of polymorph (17)
Scrolls
 e - 4 scrolls of poison
 f - 4 scrolls of immolation
 g - 5 scrolls of blinking
 p - 14 scrolls of teleportation
 z - 6 scrolls of butterflies
 D - 7 scrolls of fog
 E - a scroll of amnesia
 Q - 6 scrolls of vulnerability
 R - 4 scrolls of torment
 X - 3 scrolls of fear
Potions
 c - 11 potions of might
 d - 14 potions of curing
 i - 2 potions of berserk rage
 j - 7 potions of resistance
 m - 3 potions of invisibility
 t - 9 potions of enlightenment
 u - 5 potions of brilliance
 v - 6 potions of haste
 J - 2 potions of cancellation
 N - 6 potions of ambrosia
 O - 9 potions of lignification
 P - 6 potions of attraction
 S - 12 potions of heal wounds
 Y - 8 potions of mutation


   Skills:
 - Level 16.0 Fighting
 - Level 20.0 Dodging
 - Level 6.0 Stealth
 - Level 16.0 Spellcasting
 - Level 22.0 Conjurations
 - Level 2.0 Hexes
 - Level 2.0 Translocations
 O Level 27 Fire Magic
 - Level 4.0 Air Magic
 - Level 4.0 Earth Magic
 - Level 4.0 Alchemy
 * Level 14.1 Invocations
 - Level 7.0 Evocations


You had 4 spell levels left.
You knew the following spells:

 Your Spells              Type           Power      Damage    Failure   Level
a - Scorch                Fire           100%       2d9       0%          2
b - Blink                 Tloc           48%        N/A       1%          2
c - Fire Storm            Conj/Fire      88%        8d22      3%          9
d - Plasma Beam           Fire/Air       75%        2x1d93    1%          6
e - Ignition              Fire           90%        3d23      1%          8
f - Fireball              Conj/Fire      88%        3d32      0%          5
g - Mephitic Cloud        Conj/Alch/Air  100%       N/A       1%          3
q - Apportation           Tloc           48%        N/A       1%          1
r - Orb of Destruction    Conj           72%        9d17      1%          7
s - Swiftness             Air            32%        N/A       1%          3
v - Starburst             Conj/Fire      88%        6d22      0%          6

Your spell library contained the following spells:

 Spells                   Type           Power      Damage    Failure   Level
 Foxfire                  Conj/Fire      100%       2x1d9     0%          1
 Kiss of Death            Conj/Necr      100%       2d13      0%          1
 Magic Dart               Conj           100%       1d8       0%          1
 Shock                    Conj/Air       100%       1d9       0%          1
 Sting                    Conj/Alch      100%       1d9       0%          1
 Momentum Strike          Conj/Tloc      100%       3d10      0%          2
 Searing Ray              Conj           100%       2d8       0%          2
 Static Discharge         Conj/Air       100%       3-8/arc   0%          2
 Inner Flame              Hex/Fire       100%       N/A       0%          3
 Stone Arrow              Conj/Erth      100%       3d13      0%          3
 Volatile Blastmotes      Fire/Tloc      100%       2d18      0%          3
 Flame Wave               Conj/Fire      100%       2d21      0%          4
 Ignite Poison            Fire/Alch      100%       N/A       0%          4
 Sticky Flame             Fire/Alch      100%       2d15      0%          4
 Necrotise                Necr           64%        1d7       1%          1
 Sandblast                Erth           100%       2d20      1%          1
 Slow                     Hex            96%        N/A       1%          1
 Summon Small Mammal      Summ           64%        N/A       1%          1
 Call Imp                 Summ           32%        N/A       1%          2
 Cigotuvi's Dreadful Rot  Necr/Alch/Air  54%        N/A       1%          2
 Ensorcelled Hibernation  Hex/Ice        40%        N/A       1%          2
 Jinxbite                 Hex            48%        N/A       1%          2
 Lesser Beckoning         Tloc           48%        N/A       1%          2
 Mercury Vapours          Alch/Air       100%       N/A       1%          2
 Sublimation of Blood     Necr           16%        N/A       1%          2
 Confusing Touch          Hex            24%        N/A       1%          3
 Dazzling Flash           Conj/Hex       100%       N/A       1%          3
 Gell's Gravitas          Tloc           24%        N/A       1%          3
 Hailstorm                Conj/Ice       100%       3d16      1%          3
 Passwall                 Erth           32%        N/A       1%          3
 Sigil of Binding         Hex            24%        N/A       1%          3
 Teleport Other           Tloc           24%        N/A       1%          3
 Tukima's Dance           Hex            24%        N/A       1%          3
 Airstrike                Air            39%        2d(6-22)  1%          4
 Brom's Barrelling Bould  Conj/Erth      100%       2d11      1%          4
 Fulminant Prism          Conj/Alch      59%        3d24      1%          4
 Iskenderun's Mystic Bla  Conj/Tloc      100%       2d19      1%          4
 Leda's Liquefaction      Alch/Erth      16%        N/A       1%          4
 Olgreb's Toxic Radiance  Alch           78%        N/A       1%          4
 Petrify                  Alch/Erth      32%        N/A       1%          4
 Summon Blazeheart Golem  Fire/Summ      97%        N/A       1%          4
 Frozen Ramparts          Ice            98%        1d15      2%          3
 Fugue of the Fallen      Necr           16%        N/A       2%          3
 Ozocubu's Armour         Ice            16%        N/A       2%          3
 Summon Ice Beast         Ice/Summ       16%        N/A       2%          3
 Vampiric Draining        Necr           16%        2d7       2%          3
 Vhi's Electric Charge    Tloc/Air       56%        N/A       2%          4
 Cause Fear               Hex            12%        N/A       3%          4
 Dimensional Bullseye     Hex/Tloc       12%        N/A       3%          4
 Manifold Assault         Tloc           24%        N/A       3%          4
 Passage of Golubria      Tloc           24%        N/A       3%          4
 Summon Lightning Spire   Summ/Air       24%        N/A       3%          4
 Anguish                  Hex/Necr       10%        N/A       6%          4
 Animate Dead             Necr           16%        N/A       9%          4
 Dispel Undead            Necr           16%        3d10      9%          4
 Martyr's Knell           Necr/Summ      16%        N/A       9%          4
 Iskenderun's Battlesphe  Conj           100%       2d15      0%          5
 Arcjolt                  Conj/Air       59%        1d69      1%          5
 Freezing Cloud           Conj/Ice/Air   51%        6-21      1%          5
 Irradiate                Conj/Alch      59%        3d31      1%          5
 Bombard                  Conj/Erth      59%        9d10      1%          6
 Conjure Ball Lightning   Conj/Air       59%        3x3d21    1%          6
 Alistair's Intoxication  Alch           21%        N/A       4%          5
 Lee's Rapid Deconstruct  Erth           39%        3d19*     4%          5
 Silence                  Hex/Air        14%        N/A       7%          5
 Yara's Violent Unravell  Hex/Alch       36%        3d15      7%          5
 Spellforged Servitor     Conj/Summ      55%        N/A       9%          7
 Borgnjor's Vile Clutch   Necr/Erth      12%        N/A       11%         5
 Metabolic Englaciation   Hex/Ice        10%        N/A       16%         5
 Summon Forest            Summ/Tloc      10%        N/A       16%         5
 Summon Mana Viper        Hex/Summ       20%        N/A       16%         5
 Curse of Agony           Necr           16%        N/A       24%         5
 Eringya's Noxious Bog    Alch           39%        4d6       26%         6
 Lehudib's Crystal Spear  Conj/Erth      59%        10d14     28%         8
 Dispersal                Tloc           12%        N/A       52%         6
 Sculpt Simulacrum        Ice/Alch       12%        N/A       52%         6
 Death Channel            Necr           8%         N/A       80%         6
 Summon Cactus Giant      Summ           8%         N/A       80%         6
 Enfeeble                 Hex            12%        N/A       97%         7
 Malign Gateway           Summ/Tloc      10%        N/A       99%         7
 Chain Lightning          Conj/Air       59%        3d78      99%         9
 Haunt                    Necr/Summ      8%         N/A       100%        7
 Summon Hydra             Summ           8%         N/A       100%        7
 Discord                  Hex            12%        N/A       100%        8
 Disjunction              Tloc           12%        N/A       100%        8
 Maxwell's Capacitive Co  Air            39%        ∞         100%        8
 Death's Door             Necr           8%         N/A       100%        9
 Dragon's Call            Summ           8%         N/A       100%        9
 Shatter                  Erth           39%        3d31*     100%        9
 Animate Armour           Summ/Erth      Unusable   N/A       N/A         4

Dungeon Overview and Level Annotations

Branches:
Dungeon (15/15)            Temple (1/1) D:7            Lair (5/5) D:10
 Shoals (4/4) Lair:2       Spider (4/4) Lair:2        Slime (5/5) Lair:5
    Orc (2/2) D:9             Elf (3/3) Orc:2        Vaults (4/5) D:14
  Crypt (0/3) Vaults:3     Depths (4/4) D:15            Zot (5/5) Depths:4
Ossuary (visited)           IceCv (visited)

Altars:
Ashenzari
Cheibriados
Dithmenos
Elyvilon
Fedhas
Gozag
Hepliaklqana
Kikubaaqudgha
Makhleb
Nemelex Xobeh
Okawaru
Qazlal
Ru
Sif Muna
Trog
Uskayaw
Vehumet
Wu Jian
Xom
Yredelemnul
Zin
The Shining One
Jiyva

Shops:
D:11 [   Orc:2 *((?   Elf:1 [   Elf:2 :?   Elf:3 ((*!   Vaults:1 [*!:
Vaults:2 *   Vaults:3 =*   Depths:1 *   Depths:2 [

Portals:
Hell: Depths:1 Depths:2 Depths:3 Depths:4
Abyss: Depths:3 Depths:4
Pandemonium: Depths:2
Ziggurat: Depths:1
Trove: D:11 (give horn of Geryon)

Annotations:
D:14 3 runed translucent doors, ggggg's ghost, journeyman TrFi
D:15 exclusion: orange crystal statue
Shoals:3 2 runed translucent doors, Femoc's ghost, journeyman DsGl
Elf:1 20 runed translucent doors
Elf:2 3 runed translucent doors
Elf:3 3 runed translucent doors
Vaults:3 Saint Roka
Zot:2 2 transporters
Zot:5 exclusion: door


Innate Abilities, Weirdness & Mutations

You can breathe blasts of fire.
Your fiery red scales are hard. (AC +12)
You cannot fit into any form of body armour.
Your flesh is heat resistant. (rF+)
You are cold-blooded and may be slowed by cold attacks.
You have a pair of small horns on your head.
Your body sometimes deteriorates upon taking damage.
You passively map a small area around you.
Your system is resistant to poisons. (rPois)


Message History

You kill the tormentor!
Sif Muna accepts your kill.
Unknown command.
There is a stone staircase leading up here.
You fly upwards.
Your summoned ally is left behind.
Your battlesphere wavers and loses cohesion.
There is a stone staircase leading down here.
Aiming: Dig
Press: ? - help, Shift-Dir - straight line, f - you Please select a direction to dig.
This square is covered in magical glow.
The rock shatters into small pieces.
Hit: a) staff of fire
Press: ? - help, Dir - move target, f - you
Okay, then.
Okay, then.
Okay, then.
Aiming: Dig
Press: ? - help, Shift-Dir - straight line, f - you Please select a direction to dig.
This square is covered in magical glow.
The rock shatters into small pieces.
An Executioner comes into view.
Casting: Fireball (safe; 0% risk of failure)
Confirm with . or Enter, or press ? or * to list all spells.
Aiming: Fire Storm (dangerous; 3% risk of failure)
Press: ? - help, Dir - move target, f - Executioner
Aim: an Executioner You feel a strong surge of power!
A raging storm of fire appears!
The great blast of fire engulfs the Executioner!!!
The Executioner partially resists.
The Executioner is almost dead.
You conjure a globe of magical energy.
The Executioner is engulfed in blazing flames.
You kill the Executioner!
Sif Muna accepts your kill.
Unknown command.
There is a staircase leading out of the dungeon here.
You can't go down here!
You have escaped!

#.# ##########.#####v####....##
#.# #..#.............#..#..###
#.#####.#......)........#.#..#
......##.......#.#..."(..##.##
#.###.#......#.#.#.#......#.###
#...#.#.....##.#...##.....#...#
###.#.#.......⌠#.#⌠.......#...#
#.#.#..######.*#######..#.### #
#.#...........@...........#
###...#..#######.#######..#.#
#.†..##.......⌠#.#⌠.......#.#
#.#.###.)...##.#.#.##.....#.#
..#..##......#.#.#.#......#.#
####.###.......#.#.......##.###
# #.##.#...............#.#...#
# #.##..#.............#..#...#
# #..##########.##########...#


You could see a friendly battlesphere.

Vanquished Creatures
  Dissolution (Slime:2)
  the Royal Jelly (Slime:5)
  Mara (Depths:1)
  4 dread liches
  An ancient lich (Zot:5)
  6 orbs of fire
  A pandemonium lord (Zot:5)
  Xtahua (Vaults:2)
  5 Killer Klowns (Zot:5)
  Parghit (Depths:3)
  Vv (Zot:4)
  A caustic shrike (Depths:3)
  10 golden dragons
  2 curse toes (Zot:5)
  the Enchantress (Depths:3)
  Nikola (Vaults:3)
  Norris (Depths:3)
  3 electric golems
  A Brimstone Fiend (Zot:5)
  Jorgrun (Orc:2)
  9 tentacled monstrosities
  A walking crystal tome (Depths:3)
  An Ice Fiend (D:6)
  A walking frostbound tome (Depths:3)
  A walking earthen tome (Depths:1)
  2 liches
  25 Orb Guardians (Zot:5)
  2 deep elf master archers (Elf:3)
  2 deep elf blademasters (Elf:3)
  20 acid blobs
  2 walking divine tomes
  5 quicksilver dragons
  3 sphinxes
  A titan (Depths:3)
  An ancient champion (Depths:2)
  8 death cobs
  2 Executioners
  Agnes (Spider:4)
  10 storm dragons
  2 tengu reavers
  6 shadow dragons
  Kirke (D:14)
  Aizul (Elf:3)
  Ilsuiw (Shoals:4)
  8 azure jellies
  Donald (Elf:1)
  2 draconian monks
  10 rockslimes
  A fenstrider witch (Shoals:1)
  7 fire giants
  A balrug (Depths:2)
  8 frost giants
  8 protean progenitors
  3 emperor scorpions
  5 deep elf sorcerers (Elf:3)
  6 draconian knights
  4 draconian shifters
  18 vault wardens
  A cacodemon (Depths:2)
  6 draconian scorchers
  5 deep elf elementalists (Elf:3)
  3 spectral caustic shrikes (Depths:4)
  5 ghost moths
  Louise (Spider:4)
  10 draconian stormcallers
  13 ironbound preservers
  A ghoul (Vaults:3)
  An orc warlord (Orc:2)
  A reaper (IceCv)
  6 draconian annihilators
  5 broodmothers
  4 spriggan defenders
  A juggernaut skeleton (Depths:1)
  8 ironbound thunderhulks
  9 stone giants
  5 vampire knights
  2 formless jellyfish (Slime:3)
  9 green draconians
  8 quicksilver oozes
  13 very ugly things
  3 deep elf death magi
  5 deep elf demonologists
  7 white draconians
  9 black draconians
  8 deep elf annihilators
  10 red draconians
  9 yellow draconians
  4 dire elephants (Vaults:1)
  8 purple draconians
  8 spark wasps
  3 war gargoyles
  An eidolon (Depths:2)
  8 ettins
  9 merfolk impalers
  5 yaktaur captains
  4 crystal guardians
  4 entropy weavers
  4 fire dragons
  4 merfolk javelineers
  2 rakshasas (Depths:1)
  8 vault guards
  2 deep elf high priests (Elf:3)
  11 great orbs of eyes
  8 hydras
  Erolcha (D:9)
  7 ice dragons
  5 merfolk avatars
  5 peacekeepers
  7 spriggan air magi
  10 centaur warriors
  A jorogumo (Spider:1)
  8 ironbound frosthearts
  3 catoblepae
  3 hell beasts
  10 boulder beetles
  6 deep troll earth magi
  A sphinx zombie (D:15)
  4 alligator snapping turtles
  2 satyrs
  6 two-headed ogres
  3 radroaches
  7 merfolk aquamancers
  10 deep troll shamans
  19 dancing weapons
  3 tengu warriors
  2 orc high priests (Orc:2)
  2 vampire magi
  4 occultists
  3 demonic crawlers
  6 hell knights
  4 spriggan berserkers
  2 titan skeletons (Depths:1)
  7 spriggans
  Nergalle (Orc:1)
  Sonja (Lair:3)
  An iron troll (Depths:4)
  5 pharaoh ants
  4 skeletal warriors
  A storm dragon skeleton (D:15)
  A quicksilver dragon simulacrum (Depths:2)
  10 skysharks
  10 deep elf knights
  3 goliath frogs
  11 orb spiders
  32 deep trolls
  3 glowing orange brains
  7 arcanists
  Pikel (D:8)
  10 lindwurms
  10 sea snakes
  A flayed ghost (D:15)
  A sun moth (Spider:4)
  8 deep elf archers
  20 deep elf pyromancers
  29 deep elf zephyrmancers
  A phantasmal warrior (Vaults:3)
  10 necromancers
  16 ironbound convokers
  24 harpies
  A shining eye (shapeshifter) (Depths:4)
  5 orc sorcerers (Orc:2)
  3 orc knights
  3 steelbarb worms
  23 ugly things
  14 wolf spiders
  9 cyclopes
  8 fauns
  12 manticores
  3 shining eyes
  27 moths of wrath
  2 kobold blastminers (Orc:2)
  12 merfolk sirens
  12 vault sentinels
  An ice statue (IceCv)
  A meliai (Spider:4)
  6 elephants
  3 black mambas
  A toenail golem (Zot:3)
  A torpor snail (Spider:4)
  A water nymph (Shoals:4)
  6 eyes of devastation
  An eye of devastation (shapeshifter) (Depths:2)
  A water nymph (shapeshifter) (Depths:3)
  A torpor snail (shapeshifter) (Elf:2)
  25 cane toads
  Maggie (Lair:1)
  A cane toad (shapeshifter) (D:14)
  A gargoyle (D:14)
  3 rime drakes
  29 yaktaurs
  2 freezing wraiths
  11 komodo dragons
  A tormentor (D:2)
  A hellion (D:13)
  An efreet (D:15)
  A tengu conjurer (Depths:1)
  A red devil (Zot:5)
  Psyche (D:8)
  A queen bee (Lair:2)
  12 hornets
  7 wind drakes
  6 trolls
  17 tarantellas
  2 polar bears (Lair:4)
  A glass eye (shapeshifter) (Depths:1)
  4 snapping turtles
  24 merfolk
  36 blink frogs
  27 dream sheep
  78 slime creatures
  8 glass eyes
  32 jumping spiders
  5 air elementals
  A culicivora (shapeshifter) (Depths:3)
  A shadow (D:11)
  19 water elementals
  20 culicivoras
  2 wyverns
  2 ynoxinuls
  A spriggan (shapeshifter) (D:15)
  3 wraiths
  A dire elephant simulacrum (IceCv)
  60 yaks
  2 vampires
  3 fire elementals
  17 humans (D:14)
  4 wargs (Orc:2)
  57 redbacks
  2 basilisks
  A hog (D:14)
  4 death yak simulacra (IceCv)
  15 vampire mosquitoes
  A chaos spawn (D:2)
  A swamp worm (shapeshifter) (Depths:4)
  2 acid dragons
  22 water moccasins
  2 sky beasts
  29 orc warriors
  2 ice beasts
  5 black bears
  3 laughing skulls
  An ogre (shapeshifter) (Depths:1)
  5 ogres
  4 centaurs
  7 wolves
  4 lemures (D:8)
  3 kobold brigands
  3 elf zombies (Ossuary)
  The ghost of Pickler the Digger, an amateur GrEE of Vehumet (D:3)
  22 bullfrogs
  A gnoll sergeant (D:8)
  2 two-headed ogre simulacra (IceCv)
  2 scorpions
  3 earth elementals (Elf:2)
  A cane toad simulacrum (IceCv)
  11 wights
  30 killer bees
  2 elephant simulacra (IceCv)
  A killer bee (shapeshifter) (Elf:2)
  9 howler monkeys
  6 electric eels
  2 centaur zombies (Ossuary)
  2 jellies
  5 hounds
  A bombardier beetle (D:5)
  2 human zombies (Ossuary)
  24 orc priests
  3 iguanas
  7 hell rats (Lair:3)
  43 orc wizards
  A sleepcap (D:5)
  5 troll simulacra (IceCv)
  4 spriggan simulacra
  A statue (D:9)
  4 polar bear simulacra (IceCv)
  2 wolf simulacra (IceCv)
  A bullfrog simulacrum (Ossuary)
  2 crocodile zombies (Ossuary)
  3 spectral hounds (Ossuary)
  3 mummies (Ossuary)
  5 gnolls (D:8)
  7 adders
  4 naga simulacra (IceCv)
  3 hound simulacra (Ossuary)
  6 white imps (IceCv)
  9 ufetubi (IceCv)
  A spectral adder (Ossuary)
  3 spectral gnolls (Ossuary)
  A ribbon worm (D:3)
  2 dart slugs
  2 adder simulacra (Ossuary)
  63 orcs
  9 ball pythons
  3 bats
  16 endoplasms
  4 giant cockroaches
  5 gnoll zombies (Ossuary)
  6 goblins
  11 hobgoblins
  6 jackals
  24 kobolds
  3 frilled lizards (D:1)
  3 gnoll simulacra (Ossuary)
  A jackal simulacrum (Ossuary)
  6 kobold zombies (Ossuary)
  5 orc zombies (Ossuary)
  3 rats
  4 spectral jackals (Ossuary)
  8 aspiring fleshes
  2 fire vortices
2103 creatures vanquished.

Vanquished Creatures (collateral kills)
  A golden dragon (Zot:1)
  A tentacled monstrosity (Zot:5)
  An Orb Guardian (Zot:5)
  An acid blob (Slime:5)
  A storm dragon (Zot:4)
  A protean progenitor (Zot:5)
  3 red draconians
  A tarantella (Spider:4)
  3 slime creatures
  A redback (Spider:4)
14 creatures vanquished.

Vanquished Creatures (others)
  A red draconian (Zot:5)
  A human (D:14)
  2 orc wizards (Orc:2)
  229 fire vortices
  187 foxfires
420 creatures vanquished.

Grand Total: 2537 creatures vanquished

Notes
Turn   | Place    | Note
-------+----------+-------------------------------------------
     0 | D:1      | Laraso the Draconian Fire Elementalist began the quest for
                  | the Orb.
     0 | D:1      | Reached XP level 1. HP: 14/14 MP: 3/3
   273 | D:1      | Reached XP level 2. HP: 11/20 MP: 1/5
   490 | D:2      | Learned a level 2 spell: Scorch
   808 | D:1      | Reached XP level 3. HP: 26/26 MP: 4/7
   905 | D:1      | Found a faded altar of an unknown god.
  1723 | D:2      | Reached XP level 4. HP: 33/33 MP: 5/10
  2134 | D:3      | Found a runed translucent door.
  2138 | D:3      | Noticed Pickler's ghost (amateur GrEE)
  2758 | D:3      | Killed Pickler's ghost
  2759 | D:3      | Reached skill level 5 in Spellcasting
  2759 | D:3      | Reached XP level 5. HP: 18/38 MP: 4/12
  2878 | D:4      | Noticed a centaur
  2888 | D:4      | Killed a centaur
  2897 | D:4      | Reached XP level 6. HP: 44/45 MP: 1/15
  2932 | D:4      | Found an ancient bone altar of Kikubaaqudgha.
  3091 | D:4      | Learned a level 4 spell: Flame Wave
  3095 | D:4      | Learned a level 3 spell: Volatile Blastmotes
  3099 | D:4      | Learned a level 3 spell: Inner Flame
  3159 | D:4      | Found a broken altar of Ashenzari.
  3182 | D:4      | Found a sand-covered staircase.
  3188 | Ossuary  | Entered an ossuary
  3320 | Ossuary  | Your scales start taking on a fiery red colour.
  3320 | Ossuary  | Reached XP level 7. HP: 50/50 MP: 7/17
  3320 | Ossuary  | Gained mutation: Your flesh is heat resistant. (rF+) [Red
                  | Draconian growth]
  3633 | Ossuary  | Reached skill level 4 in Fire Magic
  3886 | Ossuary  | Reached XP level 8. HP: 57/57 MP: 16/20
  4533 | D:5      | Entered Level 5 of the Dungeon
  4745 | D:5      | Found a snail-covered altar of Cheibriados.
  4815 | D:5      | Reached skill level 1 in Translocations
  4824 | D:5      | Reached skill level 1 in Hexes
  5175 | D:6      | Found a white marble altar of Elyvilon.
  5187 | D:6      | Identified the amulet of Starshine {Spirit -Tele +Inv rN+++
                  | Stlth-}
  5486 | D:6      | Reached skill level 5 in Fire Magic
  5498 | D:6      | Reached skill level 6 in Fire Magic
  5807 | D:6      | Learned a level 3 spell: Mephitic Cloud
  5846 | D:7      | Noticed a hornet
  5853 | D:7      | Killed a hornet
  5854 | D:7      | Reached skill level 7 in Fire Magic
  6001 | D:7      | Reached skill level 8 in Fire Magic
  6006 | D:7      | Reached XP level 9. HP: 62/62 MP: 14/21
  6102 | D:7      | Reached skill level 9 in Fire Magic
  6290 | D:7      | Found a staircase to the Ecumenical Temple.
  6330 | Temple   | Entered the Ecumenical Temple
  6394 | D:7      | Reached skill level 10 in Fire Magic
  6709 | D:8      | Reached skill level 11 in Fire Magic
  6735 | D:8      | Reached skill level 12 in Fire Magic
  6739 | D:8      | Reached skill level 1 in Air Magic
  6739 | D:8      | Reached skill level 1 in Alchemy
  6749 | D:8      | Reached XP level 10. HP: 68/69 MP: 3/22
  6885 | D:8      | Noticed Pikel
  7027 | D:8      | Killed Pikel
  7227 | D:8      | Noticed Psyche
  7229 | D:8      | Killed Psyche
  7789 | D:9      | Found a sacrificial altar of Ru.
  7813 | D:9      | Reached skill level 5 in Fighting
  7844 | D:9      | Found a shimmering blue altar of Sif Muna.
  7849 | D:9      | Found a burning altar of Makhleb.
  7876 | D:9      | Became a worshipper of Sif Muna the Loreminder
  8024 | D:9      | Reached skill level 5 in Dodging
  8047 | D:9      | Found a radiant altar of Vehumet.
  8414 | D:9      | Noticed Erolcha
  8428 | D:9      | Killed Erolcha
  8429 | D:9      | Reached XP level 11. HP: 85/89 MP: 23/23
  8429 | D:9      | Noticed a boulder beetle
  8458 | D:9      | Killed a boulder beetle
  8663 | D:9      | Reached * piety under Sif Muna
  8697 | D:9      | Found a staircase to the Orcish Mines.
  8835 | D:9      | Found a blossoming altar of Fedhas.
  8840 | D:9      | Found a hazy altar of Hepliaklqana.
  8840 | D:9      | Found a shimmering altar of Xom.
  8853 | D:9      | Found a sparkling altar of Nemelex Xobeh.
  8856 | D:9      | Found a bloodstained altar of Trog.
  8899 | D:10     | Entered Level 10 of the Dungeon
  8984 | D:10     | Found a staircase to the Lair.
  9155 | D:10     | Reached skill level 5 in Invocations
  9691 | D:10     | Reached ** piety under Sif Muna
  9948 | D:11     | Reached skill level 1 in Evocations
  9991 | D:11     | Found Rotiwa's Antique Armour Boutique.
 10222 | D:11     | Noticed a two-headed ogre
 10229 | D:11     | Killed a two-headed ogre
 10230 | D:11     | Reached skill level 5 in Evocations
 10333 | D:11     | Found a portal to a secret trove of treasure.
 10368 | D:11     | Noticed a two-headed ogre
 10375 | D:11     | Killed a two-headed ogre
 10502 | Lair:1   | Entered Level 1 of the Lair of Beasts
 10585 | Lair:1   | Reached XP level 12. HP: 67/96 MP: 16/24
 10840 | Lair:1   | Noticed a catoblepas
 10841 | Lair:1   | Noticed Maggie
 10859 | Lair:1   | Killed Maggie
 10863 | Lair:1   | Killed a catoblepas
 10908 | Lair:1   | Reached skill level 10 in Spellcasting
 11039 | Lair:1   | Reached *** piety under Sif Muna
 11761 | Lair:2   | Noticed a six-headed hydra
 11770 | Lair:2   | Killed a six-headed hydra
 12137 | Lair:2   | Reached **** piety under Sif Muna
 12400 | Lair:2   | Found a hole to the Spider Nest.
 12463 | Lair:2   | Noticed a six-headed hydra
 12624 | Lair:2   | Noticed an eight-headed hydra
 12629 | Lair:2   | Killed an eight-headed hydra
 12630 | Lair:2   | Reached XP level 13. HP: 102/102 MP: 29/29
 13031 | Lair:2   | Found a staircase to the Shoals.
 13382 | Lair:3   | Found a frozen archway.
 13391 | IceCv    | Entered an ice cave
 13425 | IceCv    | Reached skill level 10 in Invocations
 13654 | IceCv    | Reached ***** piety under Sif Muna
 14090 | IceCv    | Noticed a reaper
 14119 | IceCv    | Killed a reaper
 14356 | IceCv    | Learned a level 6 spell: Starburst
 14404 | Lair:3   | Received a gift from Sif Muna
 14405 | Lair:3   | Got Sif Muna's Enchiridion on Chthonic Malediction {god
                  | gift}
 14954 | Lair:3   | Learned a level 2 spell: Blink
 15006 | Lair:3   | Noticed Sonja
 15022 | Lair:3   | Reached skill level 5 in Conjurations
 15022 | Lair:3   | Killed Sonja
 16323 | Lair:4   | Reached XP level 14. HP: 90/110 MP: 18/30
 17074 | Lair:5   | Entered Level 5 of the Lair of Beasts
 17990 | Lair:4   | Received a gift from Sif Muna
 18648 | Lair:5   | Identified the +2 hat of the Mashing Gods {Will+ rCorr
                  | Str+2}
 18697 | Lair:5   | Reached skill level 10 in Dodging
 18845 | Lair:5   | Found a staircase to the Slime Pits.
 20007 | Lair:5   | Learned a level 9 spell: Fire Storm
 20427 | D:12     | Received a gift from Sif Muna
 20428 | D:12     | Got Sif Muna's Verses on Arcane Combat and Fire {god gift}
 21283 | Orc:1    | Entered Level 1 of the Orcish Mines
 21510 | Orc:1    | Reached XP level 15. HP: 95/121 MP: 28/31
 21752 | Orc:1    | Noticed Nergalle
 21760 | Orc:1    | Killed Nergalle
 22335 | Orc:2    | Entered Level 2 of the Orcish Mines
 22335 | Orc:2    | Noticed Jorgrun
 22389 | Orc:2    | Found a staircase to the Elven Halls.
 22400 | Orc:2    | Reached skill level 10 in Fighting
 22976 | Orc:2    | Received a gift from Sif Muna
 22977 | Orc:2    | Got Sif Muna's Volume of Combat Magic {god gift}
 23146 | Orc:2    | Killed Jorgrun
 23777 | Orc:2    | Found Wucupiplih's Weapon Shop.
 23777 | Orc:2    | Found Xoelir's Assorted Antiques.
 23778 | Orc:2    | Found Peozal's Antique Weapon Boutique.
 23782 | Orc:2    | Found Teptargho's Magic Scroll Shop.
 23786 | Orc:2    | Bought a scroll of blinking for 105 gold pieces
 23787 | Orc:2    | Bought a scroll of identify for 28 gold pieces
 23790 | Orc:2    | Bought a jewelled morningstar for 288 gold pieces
 23790 | Orc:2    | Identified the +1 morningstar of Camnid {freeze, rN+ Int+3
                  | Dex+3} (You bought it in a shop on level 2 of the Orcish
                  | Mines)
 25114 | D:14     | Noticed Kirke
 25121 | D:14     | Killed Kirke
 25348 | D:14     | Found a stormy altar of Qazlal.
 25804 | D:14     | Reached skill level 10 in Conjurations
 25974 | D:14     | Received a gift from Sif Muna
 25980 | D:14     | Got Sif Muna's Secrets of the Lethal Tincture {god gift}
 26093 | D:14     | Learned a level 4 spell: Sticky Flame
 26573 | D:14     | Found a gate to the Vaults.
 26678 | D:14     | Found a runed translucent gate.
 26678 | D:14     | Found a runed translucent gate.
 26678 | D:14     | Found a runed translucent gate.
 26681 | D:14     | Noticed ggggg's ghost (journeyman TrFi)
 26754 | D:14     | Found a viscous altar of Jiyva.
 26782 | D:15     | Entered Level 15 of the Dungeon
 27153 | D:15     | Found a staircase to the Depths.
 27230 | D:15     | Reached XP level 16. HP: 133/139 MP: 24/32
 27460 | D:14     | Learned a level 3 spell: Stone Arrow
 28008 | D:15     | Identified a scroll of acquirement
 28009 | D:15     | Acquired a book of the Dragon
 28963 | Shoals:1 | Entered Level 1 of the Shoals
 28967 | Shoals:1 | Reached skill level 1 in Earth Magic
 30080 | Shoals:1 | Received a gift from Sif Muna
 30439 | Shoals:2 | Gained mutation: You have hidden genetic defects. [potion
                  | of mutation]
 30439 | Shoals:2 | Gained mutation: You occasionally lose the ability to read
                  | scrolls when taking damage. [potion of mutation]
 30440 | Shoals:2 | Lost mutation: You occasionally lose the ability to read
                  | scrolls when taking damage. [potion of mutation]
 30440 | Shoals:2 | Lost mutation: You have hidden genetic defects. [potion of
                  | mutation]
 30440 | Shoals:2 | Gained mutation: You are dopey. (Int -2) [potion of
                  | mutation]
 30440 | Shoals:2 | Gained mutation: Your flesh is cold resistant. (rC+)
                  | [potion of mutation]
 30440 | Shoals:2 | Gained mutation: You have hidden genetic potential. [potion
                  | of mutation]
 30441 | Shoals:2 | Lost mutation: You have hidden genetic potential. [potion
                  | of mutation]
 30441 | Shoals:2 | Lost mutation: Your flesh is cold resistant. (rC+) [potion
                  | of mutation]
 30441 | Shoals:2 | Gained mutation: Your body sometimes deteriorates upon
                  | taking damage. [potion of mutation]
 30441 | Shoals:2 | Gained mutation: You are frail. (-10% HP) [potion of
                  | mutation]
 30441 | Shoals:2 | Lost mutation: You are frail. (-10% HP) [potion of
                  | mutation]
 30441 | Shoals:2 | Gained mutation: You possess an exceptional clarity of
                  | mind. [potion of mutation]
 30442 | Shoals:2 | Lost mutation: You are dopey. (Int -2) [potion of mutation]
 30442 | Shoals:2 | Lost mutation: You possess an exceptional clarity of mind.
                  | [potion of mutation]
 30442 | Shoals:2 | Gained mutation: Your body often deteriorates upon taking
                  | damage. [potion of mutation]
 30442 | Shoals:2 | Gained mutation: Your tail ends in a venomous barb. [potion
                  | of mutation]
 30443 | Shoals:2 | Lost mutation: Your body often deteriorates upon taking
                  | damage. [potion of mutation]
 30443 | Shoals:2 | Lost mutation: Your tail ends in a venomous barb. [potion
                  | of mutation]
 30443 | Shoals:2 | Lost mutation: Your body sometimes deteriorates upon taking
                  | damage. [potion of mutation]
 30443 | Shoals:2 | Gained mutation: You sometimes lose your temper in combat.
                  | [potion of mutation]
 30444 | Shoals:2 | Lost mutation: You sometimes lose your temper in combat.
                  | [potion of mutation]
 30444 | Shoals:2 | Gained mutation: You do not regenerate when monsters are
                  | visible. [potion of mutation]
 30444 | Shoals:2 | Gained mutation: Your health recovers twice as slowly from
                  | being drained. [potion of mutation]
 30444 | Shoals:2 | Gained mutation: You possess an exceptional clarity of
                  | mind. [potion of mutation]
 30497 | Shoals:2 | Identified the flux talisman of Govvuezy {rF+ rN+++ Will-
                  | Int+5}
 31129 | Shoals:3 | Found a large runed translucent door.
 31129 | Shoals:3 | Found a large runed translucent door.
 31136 | Shoals:3 | Noticed an Executioner
 31162 | Shoals:3 | Reached skill level 5 in Stealth
 31993 | Shoals:3 | Learned a level 7 spell: Orb of Destruction
 32040 | Shoals:3 | Noticed Femoc's ghost (journeyman DsGl)
 32681 | Shoals:3 | Killed an Executioner
 32800 | Shoals:4 | Entered Level 4 of the Shoals
 33157 | Shoals:4 | Identified the +0 quarterstaff of Zitaek {pain, rN+ Will+
                  | Str+3}
 34189 | Shoals:4 | Identified the +10 plate armour of Complete Protection
                  | {rElec rN+}
 34228 | Shoals:4 | Received a gift from Sif Muna
 34229 | Shoals:4 | Reached XP level 17. HP: 146/146 MP: 35/35
 34230 | Shoals:4 | Got Sif Muna's Folio of Vapourous Fulmination {god gift}
 34244 | Shoals:4 | Noticed Ilsuiw
 34491 | Shoals:4 | Reached skill level 15 in Spellcasting
 34852 | Shoals:4 | Got a barnacled rune of Zot
 35397 | Shoals:4 | Learned a level 5 spell: Fireball
 35507 | Shoals:4 | Killed Ilsuiw
 36053 | Spider:1 | Entered Level 1 of the Spider Nest
 36925 | Spider:1 | Reached skill level 13 in Fire Magic
 38160 | Spider:1 | Reached skill level 14 in Fire Magic
 38964 | Spider:2 | Reached skill level 15 in Fire Magic
 39959 | Spider:4 | Entered Level 4 of the Spider Nest
 40070 | Spider:4 | Received a gift from Sif Muna
 40074 | Spider:4 | Got Sif Muna's Book of Venomous Invitation {god gift}
 40105 | Spider:3 | Learned a level 3 spell: Swiftness
 40151 | Spider:4 | Reached skill level 16 in Fire Magic
 40221 | Spider:4 | Reached XP level 18. HP: 154/154 MP: 22/38
 40502 | Spider:4 | Noticed Agnes
 40511 | Spider:4 | Killed Agnes
 40734 | Spider:4 | Learned a level 1 spell: Apportation
 41094 | Spider:4 | Noticed Louise
 41098 | Spider:4 | Killed Louise
 42097 | Spider:4 | Got a gossamer rune of Zot
 42524 | Orc:2    | Bought a scroll of enchant armour for 105 gold pieces
 42524 | Orc:2    | Bought a scroll of enchant weapon for 105 gold pieces
 42814 | Vaults:1 | Entered Level 1 of the Vaults
 44269 | Vaults:1 | Found a gateway to a bazaar.
 44287 | Vaults:1 | Got the Discourse on Concoctions and Erosion
 44299 | Bazaar   | Entered a bazaar
 44299 | Bazaar   | Found Qasih's Jewellery Emporium.
 44302 | Bazaar   | Found Quxacw's Magic Scroll Emporium.
 44314 | Bazaar   | Bought a scroll of enchant weapon for 90 gold pieces
 44314 | Bazaar   | Bought 2 scrolls of enchant weapon for 180 gold pieces
 44326 | Bazaar   | Found Beazaob's Jewellery Emporium.
 44332 | Bazaar   | Found Wetaes's Assorted Antiques.
 44336 | Bazaar   | Found Lofric's Antique Weapon Boutique.
 44374 | Bazaar   | Bought a scroll of butterflies for 48 gold pieces
 44381 | Bazaar   | Bought the amulet "Beuj" {Regen+ Dex+7} for 568 gold pieces
 44415 | Vaults:1 | Found Loaxzebuli's Distillery.
 44423 | Vaults:1 | Bought a potion of magic for 144 gold pieces
 44433 | Vaults:1 | Found Cesix's Assorted Antiques.
 44494 | Vaults:1 | Found Noporouph's Book Shoppe.
 44853 | Vaults:1 | Reached skill level 15 in Conjurations
 45483 | Vaults:1 | Received a gift from Sif Muna
 45484 | Vaults:1 | Got Sif Muna's Excursus on the Lithosphere and Hermetica
                  | {god gift}
 45827 | Vaults:1 | Found Texaj's Armour Emporium.
 46311 | Vaults:2 | Reached skill level 17 in Fire Magic
 46868 | Vaults:2 | Noticed Xtahua
 46881 | Vaults:2 | Killed Xtahua
 46882 | Vaults:2 | Reached XP level 19. HP: 153/160 MP: 9/39
 47214 | Vaults:2 | Found Avvatioq's Globular Garage.
 47231 | Vaults:2 | Reached skill level 18 in Fire Magic
 47347 | Vaults:2 | Bought the sphere of Battle for 1360 gold pieces
 47347 | Vaults:2 | Found the sphere of Battle
 48371 | Vaults:2 | Reached skill level 19 in Fire Magic
 48791 | Vaults:3 | Noticed Nikola
 48797 | Vaults:3 | Killed Nikola
 49550 | Vaults:3 | Found a staircase to the Crypt.
 49632 | Vaults:3 | You fall into a shaft and drop 1 floor!
 49864 | Vaults:4 | Reached skill level 20 in Fire Magic
 51105 | Vaults:3 | Identified the +8 shortbow "Itoramai" {elec, +Blink Will-
                  | Str+6}
 51175 | Vaults:3 | Found Roiwk's Assorted Antiques.
 51183 | Vaults:3 | Bought a scroll of butterflies for 156 gold pieces
 51183 | Vaults:3 | Bought a glowing bone ring for 195 gold pieces
 51183 | Vaults:3 | Bought a cabochon ring for 195 gold pieces
 51210 | Vaults:3 | Found Zeis's Jewellery Boutique.
 51442 | Vaults:3 | Reached skill level 21 in Fire Magic
 51470 | Vaults:3 | Received a gift from Sif Muna
 51471 | Vaults:3 | Got Sif Muna's Catalogue of Charnel Support {god gift}
 51791 | Vaults:3 | Noticed Saint Roka
 52925 | Vaults:4 | Reached skill level 22 in Fire Magic
 53011 | Vaults:4 | Reached XP level 20. HP: 161/162 MP: 26/40
 53595 | Vaults:4 | Identified the +1 ring mail of the Akabeko {rElec Str+2
                  | Slay+2}
 53915 | Elf:1    | Entered Level 1 of the Elven Halls
 53960 | Elf:1    | Noticed Donald
 53966 | Elf:1    | Killed Donald
 54439 | Elf:1    | Found Xeinn's Antique Armour Shop.
 54475 | Elf:1    | Found a huge runed translucent gate.
 54475 | Elf:1    | Found a huge runed translucent gate.
 54752 | Elf:1    | Found a huge runed translucent gate.
 54753 | Elf:1    | Found a huge runed translucent gate.
 54754 | Elf:1    | Found a huge runed translucent gate.
 54754 | Elf:1    | Found a huge runed translucent gate.
 54755 | Elf:1    | Found a huge runed translucent gate.
 54756 | Elf:1    | Found a huge runed translucent gate.
 54756 | Elf:1    | Found a huge runed translucent gate.
 54756 | Elf:1    | Found a huge runed translucent gate.
 54756 | Elf:1    | Found a huge runed translucent gate.
 54757 | Elf:1    | Found a huge runed translucent gate.
 54757 | Elf:1    | Found a huge runed translucent gate.
 54757 | Elf:1    | Found a huge runed translucent gate.
 54757 | Elf:1    | Found a huge runed translucent gate.
 54757 | Elf:1    | Found a huge runed translucent gate.
 54757 | Elf:1    | Found a huge runed translucent gate.
 54757 | Elf:1    | Found a huge runed translucent gate.
 54758 | Elf:1    | Found a huge runed translucent gate.
 54758 | Elf:1    | Found a huge runed translucent gate.
 55115 | Elf:2    | Found Zadodosuo's Magic Scroll Boutique.
 55124 | Elf:2    | Received a gift from Sif Muna
 56033 | Elf:2    | Found a runed translucent gate.
 56033 | Elf:2    | Found a runed translucent gate.
 56035 | Elf:2    | Found a runed translucent gate.
 56324 | Elf:2    | Found Rojuf's One-of-a-Kind Books.
 56571 | Elf:3    | Entered Level 3 of the Elven Halls
 56883 | Elf:3    | Found Toroed's Distillery.
 56891 | Elf:3    | Bought a potion of heal wounds for 75 gold pieces
 56891 | Elf:3    | Bought 2 potions of heal wounds for 150 gold pieces
 56891 | Elf:3    | Bought a potion of heal wounds for 75 gold pieces
 56891 | Elf:3    | Bought a potion of haste for 150 gold pieces
 56894 | Elf:3    | Found Rihifui's Assorted Antiques.
 56903 | Elf:3    | Reached skill level 15 in Dodging
 56955 | Elf:3    | Found a runed translucent gate.
 56955 | Elf:3    | Found a runed translucent gate.
 56955 | Elf:3    | Found a runed translucent gate.
 57055 | Elf:3    | Identified the serpent talisman of Kaonouz {+Blink}
 57055 | Elf:3    | Noticed Aizul
 57062 | Elf:3    | Killed Aizul
 57296 | Elf:3    | Found Geref's Weapon Shop.
 57333 | Elf:3    | Found Vebuc's Antique Weapon Boutique.
 57399 | Elf:3    | Found a shimmering blue altar of Sif Muna.
 57649 | Elf:3    | Identified the +4 halberd "Widowermaker" {drain, Int+3
                  | Dex+3}
 57649 | Elf:3    | Identified the +2 robe of Hihyxt {Rampage Str+6}
 57652 | Elf:3    | Reached ****** piety under Sif Muna
 57652 | Elf:3    | Received a gift from Sif Muna
 57656 | Elf:3    | Got Sif Muna's Handbook of Weirdness {god gift}
 58073 | Elf:3    | Got the Octavo of the Grim Rocks
 58251 | Elf:3    | Identified the +5 whip of Acedosyq {freeze, rN+ Dex+3}
 58300 | Elf:3    | Identified the dragon-blood talisman "Xestrouhi" {*Corrode
                  | rF++ rC++}
 58545 | Elf:3    | Identified the +1 robe "Dular" {rPois Dex+5}
 59461 | Vaults:3 | Bought the ring of Wuaqunn {Int+6 Dex+4} for 1028 gold
                  | pieces
 59472 | Vaults:3 | Learned a level 6 spell: Plasma Beam
 59653 | Depths:1 | Entered Level 1 of the Depths
 59755 | Depths:1 | Reached XP level 21. HP: 174/174 MP: 19/41
 59830 | Depths:1 | You fall into a shaft and drop 1 floor!
 60438 | Depths:2 | Found a gateway to Hell.
 60603 | Depths:2 | Found Nojeip's Armour Shoppe.
 60610 | Depths:1 | Found Ixoah's General Store.
 60627 | Depths:1 | Noticed Mara
 60631 | Depths:1 | Noticed Laraso's illusion
 60633 | Depths:1 | Killed Mara
 60641 | Depths:1 | Bought a potion of heal wounds for 115 gold pieces
 60641 | Depths:1 | Bought a potion of heal wounds for 115 gold pieces
 60678 | Depths:1 | Found a one-way gateway to a ziggurat.
 61480 | Depths:1 | Received a gift from Sif Muna
 61481 | Depths:1 | Got Sif Muna's Folio of Oxidation {god gift}
 61540 | Depths:1 | Learned a level 8 spell: Ignition
 62402 | Depths:2 | Found a one-way gate leading to the halls of Pandemonium.
 62626 | Depths:2 | Identified the +2 pair of gloves of the Tired Spirits
                  | {rElec Regen+ Str-5 Stlth+}
 63264 | Depths:3 | Noticed a golden dragon
 63268 | Depths:3 | Killed a golden dragon
 63530 | Depths:3 | Noticed a golden dragon
 63539 | Depths:3 | Killed a golden dragon
 63544 | Depths:3 | Noticed Norris
 63764 | Depths:3 | Noticed Parghit
 63867 | Depths:3 | Killed Parghit
 63868 | Depths:3 | Reached XP level 22. HP: 181/181 MP: 4/42
 63928 | Depths:3 | Reached skill level 23 in Fire Magic
 63928 | Depths:3 | Killed Norris
 64001 | Depths:3 | Found a one-way gate to the infinite horrors of the Abyss.
 64071 | Depths:3 | Noticed a caustic shrike
 64074 | Depths:3 | Noticed the Enchantress
 64075 | Depths:3 | Killed a caustic shrike
 64079 | Depths:3 | Killed the Enchantress
 64533 | Depths:4 | Entered Level 4 of the Depths
 64540 | Depths:4 | Received a gift from Sif Muna
 64817 | Depths:4 | Reached skill level 24 in Fire Magic
 65434 | Depths:4 | Reached skill level 25 in Fire Magic
 65572 | Depths:4 | Found a gate to the Realm of Zot.
 66028 | Slime:1  | Entered Level 1 of the Pits of Slime
 66031 | Slime:1  | Received a gift from Sif Muna
 66036 | Slime:1  | Got Sif Muna's Atlas of Spellbinding and Weather {god gift}
 66246 | Slime:2  | Noticed Dissolution
 66250 | Slime:2  | Killed Dissolution
 66826 | Slime:4  | Reached skill level 26 in Fire Magic
 66939 | Slime:5  | Entered Level 5 of the Pits of Slime
 67776 | Slime:5  | Received a gift from Sif Muna
 67779 | Slime:5  | Got Sif Muna's Handbook of Iniquitous Liturgies and
                  | Orientation {god gift}
 67792 | Slime:5  | Noticed the Royal Jelly
 67795 | Slime:5  | Killed the Royal Jelly
 67796 | Slime:5  | Reached XP level 23. HP: 181/188 MP: 17/43
 67806 | Slime:5  | Reached skill level 27 in Fire Magic
 68145 | Slime:5  | Got a slimy rune of Zot
 68218 | Slime:5  | Identified the +1 quarterstaff "Hulk" {venom, +Blink rPois
                  | rN++ Str+3}
 68260 | Slime:5  | Acquired the amulet of Dovau {+Inv Will+++ Regen+ Dex-2
                  | SInv}
 68683 | Zot:1    | Entered Level 1 of the Realm of Zot
 68924 | Orc:2    | Bought a scroll of revelation for 105 gold pieces
 69487 | Zot:1    | Noticed a dread lich
 69490 | Zot:1    | Killed a dread lich
 69539 | Zot:1    | Identified the +1 great sword of Joifang {flame, Fly}
 69584 | Zot:1    | Noticed a dread lich
 69587 | Zot:1    | Killed a dread lich
 69698 | Zot:1    | Noticed a dread lich
 69700 | Zot:1    | Killed a dread lich
 69813 | Zot:1    | Found the +3 hat of Pondering {ponderous, Will+ MP+10
                  | Int+5}
 70343 | Zot:1    | Received a gift from Sif Muna
 70400 | Zot:1    | Got Adianyu's Parchment of Mortuary Bombardment {god gift}
 71242 | Zot:2    | Found a transporter.
 71492 | Zot:2    | Found a transporter.
 71934 | Zot:2    | Found the +2 shield of Resistance {rF++ rC++ Will++}
 72201 | Zot:3    | Reached skill level 15 in Fighting
 72298 | Zot:3    | Reached XP level 24. HP: 207/207 MP: 43/43
 72535 | Zot:3    | Noticed an orb of fire
 72624 | Zot:3    | Killed an orb of fire
 73198 | Zot:4    | Received a gift from Sif Muna
 73863 | Zot:4    | Found a blossoming altar of Fedhas.
 73986 | Zot:4    | Noticed Vv
 73989 | Zot:4    | Killed Vv
 74365 | Zot:5    | Entered Level 5 of the Realm of Zot
 74829 | Zot:5    | Noticed an orb of fire
 75330 | Zot:5    | Noticed a Killer Klown
 75552 | Zot:5    | Noticed an orb of fire
 75573 | Zot:5    | Killed a Killer Klown
 75728 | Zot:5    | Noticed an orb of fire
 75728 | Zot:5    | Gained mutation: Your body sometimes deteriorates upon
                  | taking damage. [an orb of fire]
 75729 | Zot:5    | Noticed a Killer Klown
 75730 | Zot:5    | Killed a Killer Klown
 75733 | Zot:5    | Killed an orb of fire
 75733 | Zot:5    | Noticed a dread lich
 75740 | Zot:5    | Killed a dread lich
 75844 | Zot:5    | Noticed a Killer Klown
 75846 | Zot:5    | Killed a Killer Klown
 75846 | Zot:5    | Received a gift from Sif Muna
 76524 | Zot:5    | Noticed a Killer Klown
 76526 | Zot:5    | Killed a Killer Klown
 76573 | Zot:5    | Noticed an orb of fire
 76578 | Zot:5    | Killed an orb of fire
 76645 | Zot:5    | Noticed a Killer Klown
 76648 | Zot:5    | Killed a Killer Klown
 76648 | Zot:5    | Noticed an orb of fire
 76652 | Zot:5    | Killed an orb of fire
 76665 | Zot:5    | Gained mutation: Your spells are a little easier to cast,
                  | but a little less powerful. [an orb of fire]
 76667 | Zot:5    | Gained mutation: Your magical capacity is low. (-10% MP)
                  | [an orb of fire]
 76668 | Zot:5    | Reached XP level 25. HP: 188/216 MP: 9/38
 76668 | Zot:5    | Killed an orb of fire
 76684 | Zot:5    | Lost mutation: You do not regenerate when monsters are
                  | visible. [potion of mutation]
 76684 | Zot:5    | Lost mutation: You possess an exceptional clarity of mind.
                  | [potion of mutation]
 76684 | Zot:5    | Lost mutation: Your magical capacity is low. (-10% MP)
                  | [potion of mutation]
 76684 | Zot:5    | Gained mutation: Your natural rate of healing is unusually
                  | fast. [potion of mutation]
 76684 | Zot:5    | Gained mutation: Your system is resistant to poisons.
                  | (rPois) [potion of mutation]
 76685 | Zot:5    | Lost mutation: Your spells are a little easier to cast, but
                  | a little less powerful. [potion of mutation]
 76685 | Zot:5    | Lost mutation: Your natural rate of healing is unusually
                  | fast. [potion of mutation]
 76685 | Zot:5    | Lost mutation: Your health recovers twice as slowly from
                  | being drained. [potion of mutation]
 76685 | Zot:5    | Gained mutation: You have a pair of small horns on your
                  | head. [potion of mutation]
 76685 | Zot:5    | Gained mutation: You passively map a small area around you.
                  | [potion of mutation]
 76698 | Zot:5    | Noticed an orb of fire
 76702 | Zot:5    | Killed an orb of fire
 76777 | Zot:5    | Noticed an ancient lich
 76780 | Zot:5    | Killed an ancient lich
 76949 | Zot:5    | Got the Orb of Zot
 77007 | Zot:5    | Noticed Hyso the pandemonium lord
 77010 | Zot:5    | Killed Hyso the pandemonium lord
 77463 | D:$      | Escaped with the Orb!

Illustrated notes

Levels and vault maps discovered:
D:1:      matt_arrival_grand_opening, layout_rooms,
          ebering_ecumenical_altar_rust
D:2:      layout_basic, nrook_uturn
D:3:      layout_loops_ring, ebering_ghost_sewer_d
D:4:      layout_loops_cross, amcnicky_altar_gilded, kennysheep_mini,
          nicolae_ossuary_entry_plus, chequers_decorated_corner
D:5:      layout_rooms, mainiacjoe_overflow_tiny_flanked
D:6:      dreamdust_elfheim, layout_loops_ring, old_standard_altar
D:7:      layout_basic, temple_fountains, chequers_serial_rivers_room_b
D:8:      layout_loops_ring, uniq_psyche, uniq_pikel
D:9:      layout_loops_cross, minmay_overflow_temple_star_hex, vehumet_statue,
          nicolae_overflow_hidden_temple, nicolae_ru_awakened_eye,
          hiddenorc1_lemuel, bh_walls_and_bars, uniq_erolcha
D:10:     layout_basic, due_lair_maze_entry_diamond
D:11:     layout_gridville, serial_shops, shop, enter_trove_1
D:12:     layout_long_grid, minmay_orc_keep
D:13:     layout_roguey, chequers_big_river, serial_library_hellmonk_room_a
D:14:     layout_long_grid, grunt_vaults_entry_tiered, gammafunk_ghost_ooze,
          nicolae_qazlal_eye_of_the_storm, uniq_kirke
D:15:     gammafunk_depths_entry_grave, layout_rooms, gauntlet_entry_generic,
          serial_park_tiny_2, minivault_16, minmay_misc_feat_rows
Temple:   chequers_temple_sunken
Lair:1:   hellmonk_ruined_rings, layout_long_grid, uniq_maggie
Lair:2:   layout_cave_pods, minmay_shoals_entry_beasts, spider_nest_entry_webs,
          special_room [special_room_bee], serial_forest,
          infiniplex_forest_clump_medium, infiniplex_forest_fountain,
          infiniplex_forest_clump_medium, infiniplex_forest_straight_2,
          infiniplex_forest_clump_medium, infiniplex_forest_end_1,
          infiniplex_forest_clump_curved, infiniplex_forest_lined_ring,
          minivault_27, minmay_stone_trees_medium,
          nicolae_lair_run_with_the_wolves
Lair:3:   layout_chaotic_city, portal_ice_cave_entry_pillars_1, st_stairs_10,
          grunt_megastairs_4, uniq_sonja
Lair:4:   layout_cave_pods, cheibrodos_lair_lostbears, grunt_megastairs_2
Lair:5:   minmay_lair_end_frog_pond, layout_regular_city,
          nicolae_slime_entry_slimehenge
Shoals:1: layout_shoals, nicolae_shoals_beach_house_on_fowls_legs
Shoals:2: layout_shoals, nicolae_shoals_former_cling_halls
Shoals:3: layout_shoals, ebering_ghost_disaster_area
Shoals:4: shoals_end_simple, layout_shoals, shoals_ilsuiw_alternative,
          abandoned_shop
Spider:1: layout_spider_delve, drop_trap, guppyfry_spider_mini_3
Spider:2: layout_spider_delve
Spider:3: nicolae_spider_broodchamber
Spider:4: grunt_spider_rune_parallel, uniq_louise, uniq_agnes
Slime:1:  layout_caves
Slime:2:  layout_caves, dissolution_awaits
Slime:3:  layout_caves
Slime:4:  layout_caves, nicolae_slime_phagocytosis
Slime:5:  slime_pit, uniq_dissolution
Orc:1:    layout_caves, elves_outpost_lemuel, uniq_nergalle
Orc:2:    st_orc_mages, layout_caves, uniq_jorgrun
Elf:1:    layout_gridlike, serial_shops, nicolae_diamond_shop,
          hangedman_elf_represent, minivault_24, uniq_donald
Elf:2:    elven_hall_of_blades_hangedman_original [grunt_blade_entry_basic],
          layout_loops_corners, serial_shops, shop, drop_trap,
          nicolae_rare_books
Elf:3:    grunt_elf_hall_diamonds, layout_loops_corners, basic_altar,
          serial_shops, shop, nicolae_shop_crystal,
          nicolae_shop_pleasant_corner_grove, nicolae_shop_tiny_statue_garden,
          grunt_ministairs_4, amcnicky_mini_rare_corridor_liquid,
          nicolae_elf_hall_of_bonks, uniq_aizul
Vaults:1: mu_enter_wizlab_4, v_rooms_3, nicolae_vaults_frosty_reception,
          vaults_room_door_ring, nicolae_vaults_security_offices_6,
          hangedman_vaults_hat, nicolae_vaults_diagonal_hallway_7,
          nicolae_vaults_six-pack, vaults_room_corners, ontoclasm_vaults_twist,
          nicolae_vaults_shelves_hall, vaults_dpeg_ring,
          layout_vaults_omnicross, serial_shops, bzr_entry_water, shop,
          nicolae_shop_back_alley_shop, nicolae_shop_hallway_stairs, shop
Vaults:2: hangedman_vaults_slither, nicolae_vaults_shelves_hall,
          hangedman_vaults_nails, nicolae_vaults_surprise_closet,
          hangedman_vaults_cutoff, nicolae_vaults_trapezoid_2,
          nicolae_vaults_shrinking_rooms_1, nicolae_vaults_border_crossing,
          grunt_vaults_hallway_long, nicolae_vaults_asterisk,
          tekkud_shop_of_orbs, v_alt_pattern_4, nicolae_vaults_trapezoid_3,
          vaults_dpeg_cross, nicolae_vaults_trapezoid_4,
          nicolae_vaults_diamond_1, layout_vaults_omnibox, uniq_xtahua,
          uniq_margery
Vaults:3: st_spiral_rooms, v_misc_19, nicolae_vaults_two_Ls,
          vaults_mumra_minichess, nicolae_vaults_closet_pinwheel_2,
          minmay_crypt_entry_simple_box, nicolae_vaults_six-pack, v_misc_4,
          layout_vaults_chaotic_city, serial_shops,
          nicolae_shop_overgrown_old_shop, shop, uniq_saint_roka, uniq_nikola
Vaults:4: nicolae_vaults_network_quincunx
          [nicolae_vaults_network_quincunx_subvault,
          nicolae_vaults_network_quincunx_subvault,
          nicolae_vaults_network_quincunx_subvault,
          nicolae_vaults_network_quincunx_subvault,
          nicolae_vaults_network_quincunx_subvault],
          nicolae_vaults_disjoint_gnomons, v_alt_pattern_1,
          nicolae_vaults_lightning_bolt, nicolae_vaults_little_squares_1,
          nicolae_vaults_closet_pinwheel_6, vaults_dpeg_diagonal,
          nicolae_vaults_little_ls, nicolae_vaults_more_shelving_1,
          layout_vaults_omnigrid
Depths:1: minmay_connected_boxes_in_corner, layout_cave_shapes,
          enter_ziggurat_d, serial_shops, nicolae_shop_crystal, hell_entry,
          chequers_serial_rivers_micro_c, roderic_lattice_a,
          kennysheep_opposing_triangles, uniq_mara
Depths:2: hangedman_cross_cluster, layout_cave_pools, grunt_mini_vestibule,
          serial_shops, shop, rand_demon_pan_entry_4
Depths:3: minmay_tri_box, layout_twisted_cross, hell_entry, abyss_entry,
          nicolae_zig_zag_zippers, dispersion_dpeg, minmay_staircase_statues,
          uniq_parghit, uniq_enchantress, uniq_norris
Depths:4: grunt_zot_entry_alcove, layout_cave_pools, pf_hell_entry_tar_river,
          abyss_entry_small_statue_room
Zot:1:    hellmonk_paralyzer, layout_gridville
Zot:2:    gammafunk_dig_for_victory, layout_onion, kennysheep_underground_church
Zot:3:    layout_misc_corridors
Zot:4:    layout_gridlike, regret_index_zotdec_decaying_basic, st_stairs_2,
          uniq_vv
Zot:5:    layout_basic, nrook_zot_tub

Skill      XL: |  1  2  3  4  5  6  7  8  9 10 11 12 13 14 15 16 17 18 19 20 21 22 23 24 25 |
---------------+----------------------------------------------------------------------------+-----
Spellcasting   | 3 4 5 6 7 8 12 14 16 | 16.0
Fire Magic     | 4 8 12 16 17 22 26 27 | 27.0
Conjurations   | 3 4 8 11 12 16 20 22 | 22.0
Translocations | 2 |  2.0
Hexes          | 2 |  2.0
Air Magic      | 2 4 |  4.0
Alchemy        | 2 4 |  4.0
Fighting       | 6 7 12 15 16 | 16.0
Dodging        | 6 7 12 16 19 20 | 20.0
Invocations    | 7 8 12 14 | 14.1
Evocations     | 7 |  7.0
Earth Magic    | 4 |  4.0
Stealth        | 6 |  6.0

Action                     |  1- 3 |  4- 6 |  7- 9 | 10-12 | 13-15 | 16-18 | 19-21 | 22-24 | 25-27 || total
---------------------------+-------+-------+-------+-------+-------+-------+-------+-------+-------++-------
  Melee: Unarmed           |    60 |       |       |       |       |       |       |       |       ||    60
         Tailslap          |     8 |     1 |     4 |     2 |     6 |     8 |       |       |       ||    29
         Short sword       |     5 |       |       |       |       |       |       |       |       ||     5
         Punch             |     1 |       |     1 |       |     1 |       |       |       |       ||     3
         Staff             |       |     9 |    27 |    12 |    60 |    17 |     3 |       |       ||   128
         Lajatang          |       |       |       |       |       |    21 |       |       |       ||    21
   Cast: Foxfire           |    19 |     5 |    20 |    31 |    33 |       |       |       |       ||   108
         Scorch            |    24 |    62 |   143 |   262 |   458 |    28 |     3 |     3 |       ||   983
         Flame Wave        |       |     1 |    11 |    32 |    52 |     7 |       |       |       ||   103
         Inner Flame       |       |       |       |    18 |    45 |     7 |       |       |       ||    70
         Starburst         |       |       |       |       |   183 |   271 |    60 |    17 |       ||   531
         Volatile Blastmot |       |       |       |       |     8 |     2 |       |       |       ||    10
         Blink             |       |       |       |       |    14 |     2 |       |     9 |     3 ||    28
         Mephitic Cloud    |       |       |       |       |     7 |   133 |    52 |       |       ||   192
         Sticky Flame      |       |       |       |       |     5 |    14 |       |       |       ||    19
         Orb of Destructio |       |       |       |       |       |   101 |    82 |     5 |       ||   188
         Stone Arrow       |       |       |       |       |       |     7 |     6 |       |       ||    13
         Fire Storm        |       |       |       |       |       |     3 |     2 |   256 |    28 ||   289
         Fireball          |       |       |       |       |       |   300 |   378 |    71 |     4 ||   753
         Apportation       |       |       |       |       |       |     7 |    24 |    33 |     1 ||    65
         Plasma Beam       |       |       |       |       |       |       |   162 |    98 |     9 ||   269
         Swiftness         |       |       |       |       |       |       |     4 |       |       ||     4
 Invoke: Divine Exegesis   |       |       |       |       |       |     3 |       |       |       ||     3
         Channel Magic     |       |       |       |       |       |     3 |     2 |     8 |     3 ||    16
Ability: Breathe Fire      |       |       |    14 |    35 |    62 |    22 |       |       |       ||   133
  Evoke: Wand              |       |       |       |     1 |       |       |     1 |     4 |     3 ||     9
    Use: Scroll            |       |     6 |     5 |     4 |    22 |    22 |     7 |     6 |     1 ||    73
         Potion            |       |       |     4 |     1 |     3 |    17 |     2 |     3 |     5 ||    35
   Stab: Sleeping          |     2 |       |       |       |       |       |       |       |       ||     2
         Confused          |       |       |       |       |       |     1 |       |       |       ||     1
 Armour: Skin              |    60 |    35 |    67 |   119 |   422 |   421 |   134 |   109 |     4 ||  1371
  Dodge: Dodged            |    91 |    38 |    70 |   190 |   462 |   415 |   104 |    90 |     4 ||  1464

Table legend: (Time is in decaauts)
 A = Elapsed time spent in this place.
 B = Non-inter-level travel time spent in this place.
 C = Inter-level travel time spent in this place.
 D = Time resting spent in this place.
 E = Time spent auto-exploring this place.
 F = Levels seen in this place.
 G = Mean time per level.
                   A        B        C        D        E       F      G
               +--------+--------+--------+--------+--------+-----+--------+
         Total |  78610 |  71207 |   7403 |  24892 |  28377 |  55 | 1429.3 |
       Dungeon |  17991 |  15884 |   2107 |   3683 |   9341 |  15 | 1199.4 |
        Temple |      3 |      1 |      2 |      0 |      0 |   1 |    3.0 |
          Lair |   9816 |   8934 |    882 |   3134 |   4154 |   5 | 1963.2 |
        Shoals |   7105 |   6702 |    403 |   2891 |   1965 |   4 | 1776.2 |
   Spider Nest |   6356 |   5948 |    408 |   2897 |   1747 |   4 | 1589.0 |
    Slime Pits |   2229 |   2143 |     86 |    817 |    436 |   5 |  445.8 |
  Orcish Mines |   2833 |   2479 |    354 |    933 |    890 |   2 | 1416.5 |
   Elven Halls |   5275 |   4859 |    416 |   1327 |   2227 |   3 | 1758.3 |
        Vaults |  10258 |   9116 |   1142 |   3233 |   3347 |   4 | 2564.5 |
        Depths |   6576 |   5991 |    585 |   2485 |   1865 |   4 | 1644.0 |
           Zot |   8291 |   7278 |   1013 |   2750 |   1882 |   5 | 1658.2 |
        Bazaar |    108 |    108 |      0 |      0 |     43 |   1 |  108.0 |
       Ossuary |    775 |    775 |      0 |    292 |    184 |   1 |  775.0 |
      Ice Cave |    989 |    989 |      0 |    448 |    294 |   1 |  989.0 |
               +--------+--------+--------+--------+--------+-----+--------+

Top non-repeatable levels by time:
    D:14: 3499 daAuts
Vaults:1: 3132 daAuts
  Lair:4: 3094 daAuts
Shoals:4: 2835 daAuts
   Zot:5: 2772 daAuts
Vaults:2: 2567 daAuts
Vaults:3: 2539 daAuts
  Lair:2: 2524 daAuts
Depths:2: 2278 daAuts
Spider:1: 2277 daAuts
   Elf:3: 2223 daAuts
Spider:4: 2078 daAuts
Vaults:4: 2018 daAuts
Shoals:3: 1922 daAuts
   Zot:1: 1862 daAuts
